 Dungeon Sprint DCSS version 0.29.1-15-g9cfb28693d (webtiles) character file.

Game seed: 10375846188927065491

5400000 sircluck the Conqueror (level 20, -1/216 HPs)
             Began as a Hill Orc Abyssal Knight on Apr 18, 2023.
             Was the Champion of Lugonu.
             Killed by divine providence
             ... invoked by an accursed
              (16 damage)
             ... in the Dungeon (Sprint VIII: "Arena of Blood").
             The game lasted 00:02:27 (54 turns).

sircluck the Conqueror (Hill Orc Abyssal Knight)      Turns: 54, Time: 00:02:30

Health: -1/216     AC:  6    Str: 23 (25) XL:     20   Next: 61%
Magic:  11/37      EV: 22    Int: 10      God:    Lugonu [******]
Gold:   0          SH:  0    Dex: 11      Spells: 35/35 levels left

rFire   . . .      SeeInvis .   i - +∞ Axe of Woe
rCold   . . .      Faith    .   (shield currently unavailable)
rNeg    . . .      Spirit   .   b - +0 leather armour
rPois   .          Reflect  .   (no helmet)
rElec   .          Harm     .   (no cloak)
rCorr   .          Rampage  .   (no gloves)
Will    +....      NoTele   +   (no boots)
Stlth   ++++......              (no amulet)
HPRegen 0.46/turn               (no ring)
MPRegen 0.25/turn               (no ring)

@: on berserk cooldown, slowed, very slow
A: no striking features
a: Renounce Religion, Bend Space, Banish, Corrupt, Brand Weapon With Distortion


You were in the Dungeon.
You worshipped Lugonu.
Lugonu was exalted by your worship.
You visited 1 branch

Inventory:

Hand Weapons
 a - a +1 hand axe
 i - the +∞ Axe of Woe (weapon)
   (You found it in the Dungeon)
Armour
 b - a +0 leather armour (worn)
Scrolls
 h - a scroll of blinking
Potions
 e - a potion of haste
 f - 2 potions of magic


   Skills:
 O Level 27 Fighting
 + Level 10.7(12.5) Short Blades
 + Level 11.6(13.6) Long Blades
 O Level 27 Axes
 + Level 11.6(20.0) Maces & Flails
 + Level 11.6(20.0) Polearms
 + Level 9.8(13.0) Staves
 + Level 9.8 Ranged Weapons
 + Level 9.8 Throwing
 O Level 27 Armour
 O Level 27 Dodging
 + Level 9.8 Stealth
 + Level 11.6 Shields
 + Level 11.6 Unarmed Combat
 + Level 8.2 Spellcasting
 + Level 11.9 Conjurations
 + Level 10.7 Hexes
 + Level 10.7 Summonings
 + Level 10.7 Necromancy
 + Level 9.0 Translocations
 + Level 9.2 Transmutations
 + Level 12.9 Fire Magic
 + Level 11.0 Ice Magic
 + Level 10.1 Air Magic
 + Level 11.9 Earth Magic
 + Level 11.0 Poison Magic
 O Level 27 Invocations
 + Level 11.9 Evocations


You had 35 spell levels left.
You didn't know any spells.
Your spell library was empty.

Dungeon Overview and Level Annotations

Branches:
Dungeon (1/1)

Altars:
Makhleb


Message History

Your Translocations skill increases to level 9!
Your Ice Magic skill increases to level 11!
Your Air Magic skill increases to level 10!
Your Poison Magic skill increases to level 11!
A bag of meat comes into view. It is wielding a +9 war axe.
The meat berserker appears out of thin air!
A meat berserker comes into view. It is wielding a +9 battleaxe.
You hear a shout! x5
An accursed comes into view.
You hear a shout! x2
A bag of meat comes into view. It is wielding a +9 war axe. x2
The destroyer casts a spell at you.
The destroyer blinks!
You hear a shout!
The bag of meat moves out of view.
There is a staircase leading out of the dungeon, spattered with blood here.
Items here: )) == †.
A sculptor of flesh and a meat berserker come into view.
You feel a strong urge to attack something.
The bag of meat shouts!
The meat berserker shouts!
You hear a shout! x8
A bag of meat comes into view. It is wielding a +9 war axe. x2
You hear a shout! x2
Unknown command.
Unknown command.
A meat berserker comes into view. It is wielding a +9 battleaxe.
You hear a shout! x11
There is a burning altar of Makhleb here.
You slice the accursed!!
You cleave the accursed in twain.
You destroy the accursed!
Lugonu accepts your kill.
You feel extremely nervous for a moment...
You are engulfed in negative energy!
You feel weakened.
You are no longer berserk.
You are exhausted.
You feel yourself slow down.
You hear a shout! x2
The accursed casts a spell at you. Something smites you!
You die...

.........
o.......... .....
z........ ......
#.......# ......
#.......# ......
o###.......###......
.o....###.))........
o.O....@...).M......
Oo..#....)#)......#.
. #_.V)_#.o)......
....#..).)#.))...#.#
...o..)_.).).)......
O.....###..).)....#.
.###.O...§.###...§..
#.......# ......
#.......# ......


You could see an accursed, a destroyer, a large bag of meat (inner flame), 2
meat berserkers and 4 bags of meat.

Vanquished Creatures
  A royal mummy (D)
  3 vampire knights (D)
  6 ogres (D)
  2 two-headed ogres (D)
  21 orcs (D)
  3 skeletal warriors (D)
36 creatures vanquished.

Notes
Turn   | Place    | Note
-------+----------+-------------------------------------------
     0 | D        | Found the +∞ Axe of Woe
     0 | D        | sircluck the Hill Orc Abyssal Knight began the quest for
                  | the Orb.
     0 | D        | Reached XP level 1. HP: 19/19 MP: 2/2
     2 | D        | Noticed a bag of meat
     3 | D        | Noticed a bag of meat
     4 | D        | Noticed a bag of meat
     6 | D        | Noticed a bag of meat
     6 | D        | Noticed a meat berserker
     6 | D        | Noticed a meat berserker
     7 | D        | Killed a bag of meat
     7 | D        | Noticed a bag of meat
     7 | D        | Noticed a meat berserker
     7 | D        | Noticed a bag of meat
     8 | D        | Reached XP level 2. HP: 61/61 MP: 2/8
     8 | D        | Reached XP level 3. HP: 68/68 MP: 2/10
     8 | D        | Reached XP level 4. HP: 77/77 MP: 2/11
     8 | D        | Reached XP level 5. HP: 84/84 MP: 2/13
     8 | D        | Reached XP level 6. HP: 92/92 MP: 2/14
     8 | D        | Reached XP level 7. HP: 100/100 MP: 2/15
     8 | D        | Reached XP level 8. HP: 108/108 MP: 2/16
     8 | D        | Reached XP level 9. HP: 115/115 MP: 2/17
     8 | D        | Reached XP level 10. HP: 124/124 MP: 2/18
     8 | D        | Reached XP level 11. HP: 130/130 MP: 2/19
     8 | D        | Killed a bag of meat
     8 | D        | Reached *** piety under Lugonu
     8 | D        | Noticed a bag of meat
     9 | D        | Reached XP level 12. HP: 148/148 MP: 2/21
     9 | D        | Killed a meat berserker
     9 | D        | Noticed a bag of meat
     9 | D        | Noticed a bag of meat
     9 | D        | Noticed a bag of meat
     9 | D        | Noticed a bag of meat
    10 | D        | Reached skill level 27 in Fighting
    10 | D        | Reached XP level 13. HP: 159/159 MP: 2/25
    10 | D        | Killed a bag of meat
    10 | D        | Killed a meat berserker
    10 | D        | Noticed a meat berserker
    10 | D        | Noticed a bag of meat
    10 | D        | Noticed a bag of meat
    11 | D        | Reached skill level 27 in Axes
    11 | D        | Reached XP level 14. HP: 168/168 MP: 2/27
    11 | D        | Killed a bag of meat
    11 | D        | Reached **** piety under Lugonu
    11 | D        | Killed a meat berserker
    12 | D        | Reached XP level 15. HP: 174/174 MP: 2/30
    13 | D        | Noticed a large bag of meat
    14 | D        | Reached ***** piety under Lugonu
    15 | D        | Reached skill level 27 in Armour
    17 | D        | Killed a meat berserker
    18 | D        | Reached skill level 27 in Invocations
    18 | D        | Reached XP level 16. HP: 142/183 MP: 3/33
    19 | D        | Reached XP level 17. HP: 148/191 MP: 3/34
    21 | D        | Reached ****** piety under Lugonu
    21 | D        | Noticed a destroyer
    21 | D        | Noticed a large bag of meat
    22 | D        | Noticed a destroyer
    23 | D        | Noticed a meat berserker
    25 | D        | Killed a destroyer
    26 | D        | Reached skill level 27 in Dodging
    27 | D        | Reached skill level 5 in Long Blades
    27 | D        | Reached skill level 5 in Maces & Flails
    27 | D        | Reached skill level 5 in Polearms
    27 | D        | Reached skill level 5 in Shields
    27 | D        | Reached skill level 5 in Unarmed Combat
    27 | D        | Reached skill level 5 in Conjurations
    27 | D        | Reached skill level 5 in Fire Magic
    27 | D        | Reached skill level 5 in Earth Magic
    27 | D        | Reached skill level 5 in Evocations
    27 | D        | Reached XP level 18. HP: 158/200 MP: 5/35
    27 | D        | Killed a destroyer
    28 | D        | Reached skill level 5 in Short Blades
    28 | D        | Reached skill level 5 in Staves
    28 | D        | Reached skill level 5 in Ranged Weapons
    28 | D        | Reached skill level 5 in Throwing
    28 | D        | Reached skill level 5 in Stealth
    28 | D        | Reached skill level 5 in Hexes
    28 | D        | Reached skill level 5 in Summonings
    28 | D        | Reached skill level 5 in Necromancy
    28 | D        | Reached skill level 5 in Transmutations
    28 | D        | Reached skill level 5 in Air Magic
    28 | D        | Killed a large bag of meat
    28 | D        | Noticed a destroyer
    29 | D        | Reached skill level 5 in Spellcasting
    29 | D        | Reached skill level 5 in Translocations
    29 | D        | Killed a large bag of meat
    30 | D        | Reached XP level 19. HP: 116/207 MP: 6/36
    32 | D        | Noticed a sculptor of flesh
    32 | D        | Killed a meat berserker
    33 | D        | Reached skill level 10 in Fire Magic
    38 | D        | Noticed a meat berserker
    39 | D        | Noticed a sculptor of flesh
    39 | D        | Killed a sculptor of flesh
    40 | D        | Noticed a sculptor of flesh
    40 | D        | Noticed a destroyer
    41 | D        | Killed a meat berserker
    42 | D        | Reached skill level 10 in Long Blades
    42 | D        | Reached skill level 10 in Maces & Flails
    42 | D        | Reached skill level 10 in Polearms
    42 | D        | Reached skill level 10 in Shields
    42 | D        | Reached skill level 10 in Unarmed Combat
    42 | D        | Reached skill level 10 in Conjurations
    42 | D        | Reached skill level 10 in Earth Magic
    42 | D        | Reached skill level 10 in Evocations
    42 | D        | Reached XP level 20. HP: 99/216 MP: 8/37
    42 | D        | HP: 6/216 [destroyer/+9 vorpal great sword (94)]
    42 | D        | HP: 2/216 [destroyer/+9 vorpal great sword (4)]
    43 | D        | Killed a destroyer
    44 | D        | Reached skill level 10 in Short Blades
    44 | D        | Reached skill level 10 in Hexes
    44 | D        | Reached skill level 10 in Summonings
    44 | D        | Reached skill level 10 in Necromancy
    44 | D        | Reached skill level 10 in Ice Magic
    44 | D        | Reached skill level 10 in Poison Magic
    49 | D        | Noticed a large bag of meat
    50 | D        | Noticed a meat berserker
    50 | D        | Noticed an accursed
    51 | D        | Reached skill level 10 in Air Magic
    51 | D        | Noticed an accursed
    52 | D        | Noticed a meat berserker
    52 | D        | Noticed a meat berserker
    53 | D        | Noticed a meat berserker
    54 | D        | Killed an accursed
    54 | D        | Killed from afar by an accursed

Illustrated notes

Levels and vault maps discovered:
D:        meatsprint

Skill      XL: |  1  2  3  4  5  6  7  8  9 10 11 12 13 14 15 16 17 18 19 20 |
---------------+-------------------------------------------------------------+-----
Fighting       | 22 25 27 | 27.0
Axes           | 14 16 21 27 | 27.0
Armour         | 11 12 16 19 24 27 | 27.0
Dodging        | 2 3 4 6 19 23 27 | 27.0
Invocations    | 11 12 16 19 23 27 | 27.0
Short Blades   | 4 7 9 10 | 10.7
Long Blades    | 5 8 10 11 | 11.6
Maces & Flails | 5 8 10 11 | 11.6
Polearms       | 5 8 10 11 | 11.6
Staves         | 4 6 8 9 |  9.8
Ranged Weapons | 4 7 8 9 |  9.8
Throwing       | 4 6 8 9 |  9.8
Stealth        | 4 7 8 9 |  9.8
Shields        | 5 8 10 11 | 11.6
Unarmed Combat | 5 8 10 11 | 11.6
Spellcasting   | 3 5 7 8 |  8.2
Conjurations   | 5 8 10 11 | 11.9
Hexes          | 4 7 9 10 | 10.7
Summonings     | 4 7 9 10 | 10.7
Necromancy     | 4 7 9 10 | 10.7
Translocations | 3 6 7 9 |  9.0
Transmutations | 4 6 8 9 |  9.2
Fire Magic     | 5 9 11 12 | 12.9
Ice Magic      | 4 7 9 11 | 11.0
Air Magic      | 4 7 8 10 | 10.1
Earth Magic    | 5 8 10 11 | 11.9
Poison Magic   | 4 7 9 11 | 11.0
Evocations     | 5 8 10 11 | 11.9

Action                   |  1- 3 |  4- 6 |  7- 9 | 10-12 | 13-15 | 16-18 | 19-21 || total
-------------------------+-------+-------+-------+-------+-------+-------+-------++-------
Melee: Executioner's axe |     1 |       |       |     2 |     5 |     7 |     9 ||    24
  Use: Potion            |       |       |       |       |       |       |     3 ||     3
Armor: Leather armour    |       |       |       |       |       |       |     1 ||     1
Dodge: Dodged            |       |       |       |       |       |       |     2 ||     2
